Cogmind - Beta 12 @@@ ROGUE MODE // 2023.05.31 @ 07:15:59 Player: kicktown Result: Destroyed by G-34 Mercenary with Small Laser Performance ------------- Evolutions (0) 0 Regions Visited (4) 800 Robots Destroyed (7) 35 Value Destroyed (139) 139 Prototype IDs (0) 0 Alien Tech Used (0) 0 Bonus (0) 0 TOTAL SCORE: 974 Bonus ------- None Cogmind --------- Core Integrity 0/250 Matter 300/300 Energy 100/100 System Corruption 0% Temperature Cool (6) Movement Core (50) Location -9/Mines Parts ------- > --- POWER (1) -------- (None) > --- PROPULSION (2) --- (None) > --- UTILITY (2) ------ (None) > --- WEAPON (2) ------- (None) > --- INVENTORY (5) ---- Compact Wheel Heat Sink Small Storage Unit High-capacity Matter Pod (159) Peak State ------------ > --- POWER ------------ (None) > --- PROPULSION ------- Flight Unit Flight Unit > --- UTILITY ---------- Improved Terrain Scanner Propulsion Shielding > --- WEAPON ----------- Small Laser Light Assault Rifle > --- INVENTORY -------- Compact Wheel Small Storage Unit High-capacity Matter Pod [Rating: 8] Favorites ----------- Power Light Ion Engine Engine Light Ion Engine Propulsion Flight Unit Leg Aluminum Leg Wheel Compact Wheel Flight Unit Flight Unit Utility Propulsion Shielding Device Improved Terrain Scanner Storage Small Storage Unit Protection Propulsion Shielding Weapon Light Assault Rifle Energy Gun Small Laser Ballistic Gun Light Assault Rifle Special Weapon Mining Laser Build | -11 -10 -10 -10 -9 ------- Run | Jun Mat Min Exi Min Slots Evolved . | . . . . . Power . | . . . . . Propulsion . | . . . . . Utility . | . . . . . Weapon . | . . . . . Parts Attached 20 | 6 8 2 . 4 Power 1 | 1 . . . . Engine 1 | 1 . . . . Core . | . . . . . Reactor . | . . . . . Propulsion 7 | 1 4 . . 2 Treads . | . . . . . Leg 1 | . . . . 1 Wheel 2 | 1 1 . . . Hover . | . . . . . Flight 4 | . 3 . . 1 Utility 6 | 2 1 2 . 1 Device 1 | . . . . 1 Storage 3 | 2 . 1 . . Processor . | . . . . . Hackware . | . . . . . Protection 2 | . 1 1 . . Artifact . | . . . . . Weapon 6 | 2 3 . . 1 Energy Gun 3 | 1 1 . . 1 Energy Cannon . | . . . . . Ballistic Gun 2 | 1 1 . . . Ballistic Cannon . | . . . . . Launcher . | . . . . . Special Weapon 1 | . 1 . . . Impact Weapon . | . . . . . Slashing Weapon . | . . . . . Piercing Weapon . | . . . . . Special Melee Weapon . | . . . . . Unidentified Prototypes . | . . . . . Parts Lost 10 | . . . . 10 Power 1 | . . . . 1 Propulsion 4 | . . . . 4 Utility 2 | . . . . 2 Weapon 3 | . . . . 3 Highest Loss Streak 7 | . . . . 7 To Critical Strikes . | . . . . . Average Slot Usage (%) 71 | . 45 85 85 69 Engine 6 | . 14 14 14 . Flight 24 | . 9 28 28 25 Device 1 | . . . . 1 Protection 12 | . 1 14 14 14 Energy Gun 7 | . 4 . . 12 Ballistic Gun 12 | . 9 14 14 13 Special Weapon 4 | . 1 14 14 . Naked Turns 5 | . . . . 5 Heaviest Build 6 | 4 6 6 6 6 Greatest Support 16 | 3 16 8 8 10 Greatest Overweight (x) 1 | 1 . . . . Average Overweight (x) . | . . . . . Largest Inventory Capacity 8 | 8 5 8 5 5 Average Capacity 5 | 5 5 5 5 5 Most Carried 5 | 5 5 5 5 5 Average Carried 3 | 3 4 4 5 3 Final Capacity 5 | 5 5 5 5 5 Final Carried 5 | 5 5 5 5 4 Class Distribution -------------------- 100% | Mutant Dominant Class ---------------- Mutant | -10/Materials Mutant | -10/Mines Mutant | -10/Exiles Mutant | -9/Mines Resources | -11 -10 -10 -10 -9 ----------- Run | Jun Mat Min Exi Min Matter Collected 504 | 225 140 . . 139 Remotely . | . . . . . Salvage Created 199 | . 47 . . 152 Parts 18 | . 7 . . 11 Haulers Intercepted . | . . . . . Recyclers Shooed 1 | . . . . 1 Parts Field Recycled . | . . . . . Retrieved Matter . | . . . . . Parts Self-Destructed . | . . . . . Prevented . | . . . . . Kills | -11 -10 -10 -10 -9 ------- Run | Jun Mat Min Exi Min Combat Hostiles Destroyed 7 | . 3 . . 4 Guns 7 | . 3 . . 4 Classes Destroyed 4 | . 1 . . 3 Tunneler 1 | . . . . 1 Swarmer 3 | . 3 . . . Grunt 3 | . . . . 3 Assembled 1 | . . . . 1 Best Kill Streak 3 | . 3 . . 3 Combat Bots Only 3 | . 3 . . 1 Max Kills in Single Turn 1 | . 1 . . 1 Gunslinging . | . . . . . Exploded . | . . . . . Melee . | . . . . . Uniques/NPCs Destroyed . | . . . . . Combat | -11 -10 -10 -10 -9 -------- Run | Jun Mat Min Exi Min Damage Taken 705 | . 144 . . 561 Core 250 | . 49 . . 201 Absorbed by Shields . | . . . . . Redirected to Shielding 50 | . . . . 50 Core Remaining (%) 100 | 100 . . . . Volleys Fired 35 | . 5 . . 30 Largest 2 | . 2 . . 2 Hottest 100 | . 60 . . 100 Shots Fired 60 | . 10 . . 50 Gun 57 | . 10 . . 47 Cannon . | . . . . . Launcher . | . . . . . Special 3 | . . . . 3 Kinetic 25 | . 5 . . 20 Thermal 35 | . 5 . . 30 Explosive . | . . . . . Electromagnetic . | . . . . . Robot Hit Streak 14 | . 3 . . 14 Robot Miss Streak 2 | . 1 . . 2 Penetration Max . | . . . . . Secondary Targets 2 | . 2 . . . Max Gunslinging Chain 1 | . 1 . . . Shots Hit Robots 42 | . 7 . . 35 Core Hits 21 | . 5 . . 16 Critical Kills . | . . . . . Critical Parts Destroyed . | . . . . . Critical Strikes . | . . . . . Melee Attacks . | . . . . . Impact . | . . . . . Slashing . | . . . . . Piercing . | . . . . . Sneak Attacks . | . . . . . Combat Hostiles . | . . . . . Follow-up Attacks . | . . . . . Damage Inflicted 397 | . 62 . . 335 Guns 391 | . 62 . . 329 Cannons . | . . . . . Explosions . | . . . . . Melee . | . . . . . Ramming 6 | . . . . 6 Kinetic 126 | . 27 . . 99 Thermal 265 | . 35 . . 230 Explosive . | . . . . . Electromagnetic . | . . . . . Impact . | . . . . . Slashing . | . . . . . Piercing . | . . . . . Highest Corruption . | . . . . . Average Corruption . | . . . . . Corruption Purged . | . . . . . Corruption Blocked . | . . . . . Overload Shots . | . . . . . Overflow Damage . | . . . . . Projectiles . | . . . . . Explosions . | . . . . . Melee . | . . . . . Knockbacks . | . . . . . Impact . | . . . . . Kinetic . | . . . . . Secondary . | . . . . . Self-Inflicted Damage 1 | . . . . 1 Shots . | . . . . . Rammed 2 | . . . . 2 Targets Rammed 9 | . . . . 9 Kicked 7 | . . . . 7 Crushed . | . . . . . Highest Temperature 48 | . 40 . . 48 Average Temperature 17 | . 21 . . 16 Received Heat Transfer 282 | . 30 . . 252 Siege Activations . | . . . . . Robots Corrupted . | . . . . . Combat Hostiles . | . . . . . Parts Fried . | . . . . . Impact Corruptions . | . . . . . Robots Melted . | . . . . . Combat Hostiles . | . . . . . Parts Melted . | . . . . . Heat Transferred 600 | . 75 . . 525 Parts Sabotaged . | . . . . . Parts Stolen . | . . . . . Parts Stripped . | . . . . . Power Chain Reactions . | . . . . . Missiles Intercepted . | . . . . . Alert | -11 -10 -10 -10 -9 ------- Run | Jun Mat Min Exi Min Peak Influence 85 | . 85 33 . 65 Initial 33 | . . 33 . . Average 11 | . 42 33 . 4 Maximum Alert Level . | . . . . . Low Security (%) 100 | 100 100 100 . 100 Level 1 . | . . . . . Level 2 . | . . . . . Level 3 . | . . . . . Level 4 . | . . . . . Level 5 . | . . . . . High Security . | . . . . . Max Security . | . . . . . Squads Dispatched . | . . . . . Investigation . | . . . . . Extermination . | . . . . . Reinforcement . | . . . . . Assault . | . . . . . Garrison . | . . . . . Intercept . | . . . . . Searches Triggered . | . . . . . Construction Impeded . | . . . . . Haulers Reinforced . | . . . . . Active Scanning Responses . | . . . . . Cargo Convoy Interrupts . | . . . . . Stealth | -11 -10 -10 -10 -9 --------- Run | Jun Mat Min Exi Min Distress Signals . | . . . . . Communications Jammed . | . . . . . Distress Signals . | . . . . . Times Spotted 13 | . 5 . . 8 Peak Tracking Total 4 | . 4 . . 4 Tactical Retreats 2 | . 1 . . 1 Traps | -11 -10 -10 -10 -9 ------- Run | Jun Mat Min Exi Min Traps Triggered . | . . . . . Indirectly . | . . . . . Trap Hack Attempts . | . . . . . Triggered . | . . . . . Disarmed . | . . . . . Reprogrammed . | . . . . . Reused . | . . . . . Traps Extracted . | . . . . . Installed . | . . . . . Triggered . | . . . . . Machines | -11 -10 -10 -10 -9 ---------- Run | Jun Mat Min Exi Min Machines Disabled . | . . . . . Max in Single Turn . | . . . . . Machines Repaired . | . . . . . Machines Sabotaged . | . . . . . Overloaded Fab Kills . | . . . . . Hacking | -11 -10 -10 -10 -9 --------- Run | Jun Mat Min Exi Min Machines Accessed 3 | . 1 . 2 . Terminals 1 | . 1 . . . Fabricators . | . . . . . Repair Stations . | . . . . . Recycling Units . | . . . . . Scanalyzers . | . . . . . Garrison Access . | . . . . . Total Hacks 31 | . 1 . 30 . Successful 30 | . . . 30 . Failed 1 | . 1 . . . Catastrophic . | . . . . . Database Lockouts . | . . . . . Manual . | . . . . . Terminals 1 | . 1 . . . Fabricators . | . . . . . Repair Stations . | . . . . . Recycling Units . | . . . . . Scanalyzers . | . . . . . Garrison Access . | . . . . . Terminal Hacks 30 | . . . 30 . Record 30 | . . . 30 . Fabricator Hacks . | . . . . . Repair Station Hacks . | . . . . . Recycling Unit Hacks . | . . . . . Scanalyzer . | . . . . . Garrison Access Hacks . | . . . . . Unauthorized Hacks . | . . . . . Terminals . | . . . . . Fabricators . | . . . . . Repair Stations . | . . . . . Recycling Units . | . . . . . Scanalyzers . | . . . . . Garrison Access . | . . . . . Data Cores Recovered . | . . . . . Used . | . . . . . Hacking Detections 1 | . 1 . . . Full Trace Events . | . . . . . Feedback Events . | . . . . . Feedback Blocked . | . . . . . Robot Schematics Acquired . | . . . . . Robots Built . | . . . . . Authchips . | . . . . . Time . | . . . . . Total Robot Build Rating . | . . . . . Part Schematics Acquired . | . . . . . Parts Built . | . . . . . Authchips . | . . . . . Time . | . . . . . Total Part Build Rating . | . . . . . Parts Repaired . | . . . . . Time . | . . . . . Parts Recycled . | . . . . . Recycled Matter . | . . . . . Retrieved Matter . | . . . . . Retrieved Components . | . . . . . Parts Scanalyzed . | . . . . . Part Schematics Acquired . | . . . . . Parts Damaged . | . . . . . Bothacking | -11 -10 -10 -10 -9 ------------ Run | Jun Mat Min Exi Min Used RIF Installer . | . . . . . Robots Hacked . | . . . . . Non-combat . | . . . . . Combat . | . . . . . Robot Hacks Applied . | . . . . . Relay Couplers Released . | . . . . . Fabnet Peak Effective % . | . . . . . Robots Rewired . | . . . . . Allies Hacked . | . . . . . Hacks Repelled . | . . . . . Allies | -11 -10 -10 -10 -9 -------- Run | Jun Mat Min Exi Min Total Allies . | . . . . . Largest Group . | . . . . . Highest-Rated Group . | . . . . . Highest-Rated Ally . | . . . . . Total Orders . | . . . . . Ally Attacks . | . . . . . Total Damage . | . . . . . Kills . | . . . . . Allies Corrupted . | . . . . . Allies Melted . | . . . . . Intel | -11 -10 -10 -10 -9 ------- Run | Jun Mat Min Exi Min Robot Analysis Total . | . . . . . Derelict Logs Recovered . | . . . . . Drone Launches . | . . . . . Drone Recoveries . | . . . . . Exploration | -11 -10 -10 -10 -9 ------------- Run | Jun Mat Min Exi Min Turns Passed 787 | 29 92 13 220 433 Spaces Moved 871 | 30 128 27 593 93 Core 107 | 30 67 . . 10 Treads . | . . . . . Legs 1 | . . . . 1 Wheels 5 | . 5 . . . Hover . | . . . . . Flight 758 | . 56 27 593 82 Fastest Speed 37 | 50 37 37 37 37 Average Speed 39 | 55 46 37 37 39 Slowest Speed 120 | 100 100 37 37 120 Overloaded Moves . | . . . . . Propulsion Burnouts . | . . . . . Robots Hopped 2 | . 2 . . . Cave-ins Triggered . | . . . . . Exploration Rate (%) 29 | 3 24 6 92 21 Regions Visited 4 Branch Regions 3 Pre-discovered Areas 1 | . . . 1 . Known Exits Taken . | . . . . . Unknown Exits Taken 4 | 1 1 1 1 . Scrap Searched . | . . . . . Spaces Dug . | . . . . . Terrain Destroyed . | . . . . . Melee . | . . . . . Projectile . | . . . . . AOE . | . . . . . Terrain Rammed . | . . . . . Walls Destroyed . | . . . . . Machines Disabled . | . . . . . Actions | -11 -10 -10 -10 -9 --------- Run | Jun Mat Min Exi Min Total 1244 | 42 147 29 592 434 Wait 302 | . 5 . . 297 Move 863 | 29 123 26 592 93 Hop 2 | . 2 . . . Pick Up 4 | 2 1 . . 1 Fast Attach 10 | 4 4 . . 2 Attach 8 | 2 3 1 . 2 Detach 8 | 5 2 1 . . Swap 2 | . 1 1 . . Drop 1 | . 1 . . . Fire 35 | . 5 . . 30 Melee . | . . . . . Ram 2 | . . . . 2 Kick 7 | . . . . 7 Crush . | . . . . . Escape Stasis . | . . . . . Rewire . | . . . . . Trap . | . . . . . Miscellaneous . | . . . . . Route ------- -11/Junkyard -10/Materials -10/Mines -10/Exiles (discovered 2 exits: [*Min x2]) -9/Mines History --------- Turn | Location | Event 11 | -11/Junkyard | Discovered new exit (range 16) 30 | -11/Junkyard | Entered Materials 106 | -10/Materials | Discovered new exit (range 16) 122 | -10/Materials | Entered Mines 134 | -10/Mines | Deemed a non-threat by the Exiles lab entrance 134 | -10/Mines | Discovered new exit (range 5) 135 | -10/Mines | Entered Exiles 145 | -10/Exiles | Met 8R-AWN 152 | -10/Exiles | Met EX-HEX 175 | -10/Exiles | Met EX-DEC 188 | -10/Exiles | Learned location of Zion (-7) 208 | -10/Exiles | Visited The Gauntlet 275 | -10/Exiles | Discovered new exit (range 12) 299 | -10/Exiles | Met EX-BIN 316 | -10/Exiles | Build established: Mutant 350 | -10/Exiles | Discovered new exit (range 14) 355 | -10/Exiles | Entered Mines 361 | -9/Mines | Excavation squad dispatched 361 | -9/Mines | A large section of the Mines collapsed 404 | -9/Mines | Lost 3 parts (1p1n1w) 611 | -9/Mines | Excavation squad dispatched 770 | -9/Mines | Core integrity fell below 50% 782 | -9/Mines | Core integrity fell below 20% 788 | -9/Mines | Destroyed by G-34 Mercenary with Small Laser Last Messages --------------- 00727_ G-34 Mercenary destroyed. 00730_ Acquired 46 matter. 00751_ G-34 Mercenary destroyed. 00752_ Flight Unit destroyed. 00755_ Lgt. Assault Rifle destroyed. 00767_ Sml. Laser destroyed. 00767_ Flight Unit destroyed. 00769_ Acquired Heat Sink. 00770_ Slammed into G-34 Mercenary. 00771_ Acquired 34 matter. 00771_ Imp. Terrain Scanner destroyed. 00771_ Slammed into G-34 Mercenary. 00772_ Acquired Aluminum Leg. 00773_ K-01 Serf collects debris. 00774_ Kicked G-34 Mercenary. 00778_ K-01 Serf collects debris. 00779_ Kicked G-34 Mercenary. 00781_ Kicked G-34 Mercenary out of the way. 00782_ Propulsion Shielding destroyed. 00783_ Aluminum Leg destroyed. Map ----- +----------------------------------------------------+ | ?????????????????????????????????????????????????? | | ?????????????????????????????????????????????????? | | ?????????????????????????????????????????????????? | | ?????????????????????????????????????????????????? | | ?????????????????????????????????????????????????? | | ?????????????????????????????????????????????????? | | ?????????????????????????????????????????????????? | | ?????????????????????????????????????????????????? | | ?????????????????????????????????????????????????? | | ?????????????????????????????????????????????????? | | ?????????????????????????????????????????????????? | | ?????????????????????????????????????????????????? | | ?????????????????????????????????????????????????? | | ??????????????????????????????????????#####??????? | | ?????????????????????????????????????## ##?????? | | ?????????????????????????????????????# ##????? | | ?????????????????????????????????????? ##???? | | ?????????????????????????????????????? ????? | | ??????????????????????????????????????### #????? | | ?????????????????????????????????#???## ######???? | | ????????????????????????????????????## "#"#????? | | ??????????????????##????????????????# ["##????? | | ??????????????# k## ???????#??????## "###?????? | | ???????????????# ??#####??????## #???????? | | ????????????????# ## #??????###=%######??? | | ????????????????# @ ##?#????## = #??? | | ????????????????# g t ###?????# " #??? | | ????????????????## u ####?#######! #### | | ?????????????????# ## ##?# [ * | | ?????????????????# ??## ### """=""" "" | | ?????????????????#?????## ## """ """ "" | | ????????????????????????######## ## """ """ "" | | ???????????????????????????????# g ### | | ???????????????????????????????# #### """ "" | | ???????????????????????????????# *#??# """ "" | | ???????????????????????????????# #### """ "" | | ???????????????????????????????# | | ??????????????????#????????????# """ """ "" | | ???????????????????????????????####### """ """ "" | | ?????????????????????????????????????# """ """ "" | | ????????????????????????????????#????# | | ??????????????????????? ?????????????# | | ??????????????????????????? ?????????############# | | ????????????????????????????????????????#????????? | | ?????????????????????????????????????????????????? | | ?????????????????????????????? ?????????#????????? | | ???????????????????????#????? ?#?????????????????? | | ??????????????????????????????????????????????#??? | | ?????????????????????????????????????#???????????? | | | +----------------------------------------------------+ Best States ------------- Heat Dissipation 25 Energy Generation 10 Energy Capacity 125 Matter Stores 300 Matter Capacity 300 Sight Range 16 Terrain Scan Range 16 Terrain Scan Density 10 Propulsion Shielding 33 Evasion (%) 62 Item Schematics ----------------- None Robot Schematics ------------------ None Fabricated ------------ Nothing Alien Tech Used ----------------- None Achievements -------------- None Challenges ------------ None Game ------ Seed MiniPropulsionBeamcaster Manual? 0 Play Time 00:18:13 Cumulative 51.0 hours Start 2023.05.31 @ 06:57:08 End 2023.05.31 @ 07:15:59 Sessions 1 Manual Loads 0 Difficulty Rogue Special Mode None Game No. 40 Rogue 40 Adventurer 0 Explorer 0 Win Type - Total 0 Types 0/0/0/0/0/0/0/0/0 Lore% 25 Gallery% 42 Achievement% 32 Wizard Run 0 Options --------- ASCII 0 Keyboard 0 Movement Mouse Keybinds 0 Fullscreen 2 Font 18/TerminusBold Map View 76x50 Tactical HUD 1 Map Filters NONE Filters NONE Steam 1 RUN: 79acc8c6-296e-419c-aae2-343c3405470d